Workbook

Sheet 评分表
A1: 附件6
A2: 项目支出绩效指标评分表
A4: 项目单位：雷州市农业农村局
A5: 项目名称：雷州市2022年度垦造水田项目后期管护地力培肥项目
A6: 评价指标 | J6: 评分标准 | K6: 自评得分 | L6: 审核得分 | M6: 评分说明
A7: 一级指标 | C7: 二级指标 | E7: 三级指标 | G7: 四级指标 | I7: 指标说明
A8: 名称 | B8: 分值 | C8: 名称 | D8: 分值 | E8: 名称 | F8: 分值 | G8: 名称 | H8: 分值
A9: 合计 | B9: 100 | D9: 100 | F9: 100 | H9: 100 | K9: 93 | L9: =SUM(L10:L33) -> 85.3
A10: 决策 | B10: 18 | C10: 项目立项 | D10: 4 | E10: 论证决策 | F10: 4 | G10: 论证充分性 | H10: 4 | I10: 反映项目立项是否符合法律法规、相关政策、发展规划以及部门职责，项目设立是否经过科学决策等规范程序。 | J10: 1.符合法律法规、相关政策、发展规划以及部门职责，属于公共财政支持范围得1分； 2.具有前期可行性研究报告或摸底调查工作总结等材料的,或经过集体会议协商、并咨询相关专家意见、且有文字材料，得2分； 3.按规定程序申请设立项目，得1分。 根据以上评价要点结合实际情况核定分数。 | K10: 4 | L10: 3 | M10: 1.雷州市农业农村局主要职责是组织农业资源区划工作，依法管理耕地质量，牵头拟订农田基本建设规划，指导运用工程设施、农艺、农机、生物等措施发展节水农业，雷州市2022年度垦造水田项目后期管护地力培肥项目符合法律法规、相关政策、发展规划以及部门职责，属于公共财政支持范围。 2.项目立项前经专家评审并报送雷州市人民政府，雷州市市政府第十六届111次常务会议研究同意《关于审批<雷州市2020年垦造水田项目后期管护地力培肥计划实施方案>的请示》。缺少可行性研究报告，扣1分。 3.项目立项符合程序。
C11: 目标设置 | D11: 8 | E11: 目标完整性 | F11: 4 | G11: 目标申报 | H11: 2 | I11: 依据相关基础信息和证据判断是否按要求申报预算绩效目标。 | J11: 按要求申报预算绩效目标得2分，未申报不得分。如属于未要求申报预算绩效目标项目，未申报预算绩效目标但设定了其他工作任务目标的得2分，且“目标设置”的其他指标对其他工作任务目标进行考核。 | K11: 2 | L11: 2 | M11: 项目单位按照要求提交了《财政资金项目绩效目标申报表》。
G12: 完整性 | H12: 2 | I12: 依据相关基础信息和证据判断目标设置的完整性。 | J12: 绩效目标的各项要素填报是否完整规范、内容是否清晰明确，是否能反映财政支出的主要情况，是否对财政支出预期产出和效益进行充分、恰当的描述，是否包括预期提供的公共产品或服务的产出数量、质量、成本指标，预期达到的效果性指标，据此核定分数。 | K12: 2 | L12: 1.5 | M12: 《项目支出绩效自评基础数据表》显示，项目设定了评价年度总体目标及绩效指标，绩效目标的各项要素填报完整规范，但预期目标值内容不够清晰，如社会效益指标“促进新增耕地土壤肥力的提升”预期目标值“比实施前提升”，无实质性内容。
E13: 目标科学性 | F13: 4 | G13: 合理性 | H13: 2 | I13: 依据相关基础信息和证据判断目标设置与项目实施的相关性。 | J13: 绩效目标是否与资金或项目属性特点、支出内容相关，与预算资金规模是否匹配，绩效指标是否涵盖与业务相关的个性化、行业性的主要产出指标和效益指标，指标值设置是否合乎客观实际，据此核定分数。 | K13: 2 | L13: 1.5 | M13: 年度计划项目支出950万元，绩效目标与资金支出内容相关，绩效指标涵盖主要产出指标和效益指标。质量指标设定任务完成率≥80%，不符合项目任务实际情况，酌情扣0.5分。
G14: 可衡量性 | H14: 2 | I14: 依据相关基础信息和证据判断目标设置的可衡量性。 | J14: 是否将绩效目标细化分解为具体的绩效指标，绩效指标是否细化和量化，难以量化的，定性描述是否充分、具体，指标值是否可比较或可评定，据此核定分数。 | K14: 2 | L14: 1.5 | M14: 《财政资金项目绩效目标申报表》项目绩效指标对产出指标的数量指标、质量指标、时效指标、效益指标等均设置了具体的绩效指标。绩效目标的社会效益设定为“比实施前提升”，无比较意义，酌情扣0.5分。
C15: 资金投入 | D15: 6 | E15: 预算编制 | F15: 4 | G15: 预算编制 科学性 | H15: 4 | I15: 反映和考核项目预算编制的科学性、合理性情况。 | J15: 1.预算内容与项目内容是否匹配，预算额度测算依据是否充分，是否按照标准编制，是否存在较大幅度预算调整/调剂或预决算差异过大情况，分值3分，其中关于预算调整或调剂：非统一政策原因发生的预算调整或调剂比例大于0小于10%的扣0.5分，10%（含）—20%的扣1分，20%（含）—50%扣2分，50%及以上的扣3分； 2.是否按要求做实做细项目库，1分； 根据以上评价要点结合实际情况核定分数。 | K15: 4 | L15: 3 | M15: 1.2022年项目支出预算安排为554.68万元，主要受财政资金紧张的影响。2022年预算数为950万，其中雷州市自然资源局实施灌溉供水费用36万，雷州市农业农村局执行项目资金为914万元：一是统一集中采购生物有机肥、土壤调理剂发放和农机社会化服务792.80万元，二是统一采购秸秆还田腐熟剂（液体剂型）和无人机社会化服务100.30万元，三是制作标示牌和印发资料费7.6万元，四是宣传培训费3万元，五是其他费用10.30万元。其中其他费用中的项目招标代理费、地力评估只需要在项目第一年需要开支，2022年未根据实际实施项目内容进行项目调整，测算不充分，扣1分。项目库详实。
E16: 资金分配 | F16: 2 | G16: 资金分配 合理性 | H16: 2 | I16: 反映和考核项目预算资金分配的科学性、合理性情况。 | J16: 1.预算资金分配是否按规定履行报批手续，符合相关管理办法,依据是否充分，1分； 2.资金分配额度是否合理，与项目单位或补助对象实际是否相适应，是否有助于绩效目标的实现，1分； 根据以上评价要点结合实际情况核定分数。 | K16: 2 | L16: 2 | M16: 1.根据项目合同规定和管理要求支付，按照财政资金实行报账制，国库集中支付。 2.资金分配与项目相适应，有助于绩效目标的实现。
A17: 过程 | B17: 22 | C17: 资金管理 | D17: 14 | E17: 资金到位 | F17: 5 | G17: 资金到位率 | H17: 3 | I17: 反映项目资金的到位比率和到位及时性。 资金到位率=（实际到位资金/预算资金）×100%。 实际到位资金：一定时期（本年度或项目期）内落实到具体项目的资金。 预算资金：一定时期（本年度或项目期）内预算安排到具体项目的资金。 | J17: 主要依据“资金到位率*指标分值（3分）”计算得分。同时综合考虑资金紧张、工作进度，以及项目单位是否履行支付手续而影响资金到位率等因素适当调整最后得分。属主管部门原因、原因不明或所附依据及文字说明不充分的不得随意调整。 | K17: 3 | L17: 3 | M17: 2022年度项目实际到位资金554.68万元，预算资金554.68万元，资金到位率100%。
G18: 资金到位及时性 | H18: 2 | J18: 主要依据“实际及时到位的金额/应及时到位的金额*指标分值（2分）”计算得分。同时综合考虑资金紧张、工作进度，以及项目单位是否履行支付手续而影响资金到位及时性等因素适当调整最后得分。属主管部门原因、原因不明或所附依据及文字说明不充分的不得随意调整。 | K18: 2 | L18: 2 | M18: 项目于2022年10月17日全部验收，应支付项目款892.08万元，实际及时到位的金额554.68万元，资金到位及时率=（实际及时到位的金额/应及时到位的金额）*100%=554.68/892.08*100%=62.18%。综合考虑财政资金紧张的影响，本项不扣分。
E19: 资金支付 | F19: 5 | G19: 预算执行率（截止2022年12月31日） | H19: 5 | I19: 反映项目预算资金是否按照计划执行，用以反映或考核项目预算执行情况。 预算执行率=（实际支出资金/实际到位资金）×100%。 实际支出资金：一定时期（本年度或项目期）内项目实际拨付的资金。 | J19: 依据评价资金截止2022年12月31日的预算执行率*指标分值计算得分。注：项目资金无结转2022年支付的，该指标不考核，按5分计算得分。 | K19: 5 | L19: 5 | M19: 截止2022年12月31日，实际到位资金554.68万元，实际支出资金554.68万元，资金支付率为100%，本指标得分=100%*5分=5分。
E20: 资金使用规范性 | F20: 4 | G20: 支出规范性 | H20: 4 | I20: 反映资金支出和会计核算的规范性。 | J20: 主要根据所提供的信息证据作出判断。 1.预算执行的合规性2分，资金管理、费用标准、支付符合有关制度规定的得满分，超范围、超标准支出，虚列支出，截留、挤占、挪用资金的，以及其他不符合制度规定支出的，视情节严重情况扣分，直至扣到0分。 2.会计核算规范性2分，规范执行会计核算制度得满分，未按规定设专账核算，或支出凭证不符合规定，或其他核算不规范的，视具体情况扣分。 | K20: 4 | L20: 4 | M20: 1.预算执行合规，实际支出符合预算项目支出安排，在预算内安排支付。 2.会计核算制度执行规范，按规定设专账核算，支出凭证符合规定。
C21: 组织实施 | D21: 8 | E21: 实施程序 | F21: 4 | G21: 程序规范性 | H21: 4 | I21: 反映项目实施过程是否规范,是否符合相关管理规定。 | J21: 下述各项要求未达到酌情扣分： 1.是否已制定或具有相应的财务和业务管理制度，且合法、合规、完整，1分； 2.编制了完善的项目实施方案或资金使用计划，项目调整履行报批手续，1分； 3.按相关的管理制度执行，如组织设计、招投标、建设、政府采购、国库集中支付、验收等，2分。 | K21: 4 | L21: 4 | M21: 1.雷州市农业农村局执行《广东省涉农资金统筹整合管理办法》、《湛江市农业农村局财政涉农专项资金项目管理办法（试行）》，《雷州市上级财政专项资金管理办法（试行）》，合法、合规、完整。 2.该项目编制了完善的项目实施方案。 3.按相关的管理制度执行，政府采购、国库集中支付、验收等。
E22: 管理情况 | F22: 2 | G22: 监管有效性 | H22: 2 | I22: 反映主管部门和资金使用单位对项目管理的有效性。 | J22: 1.资金使用单位或基层资金管理单位建立有效管理机制，且执行情况良好得1分，具体根据所提供的信息证据作出判断并核定分数。 2.具体根据所提供的信息证据作出判断，如各级业务主管部门按规定对项目建设或方案实施开展有效的检查、监控、督促整改的，得1分；否则，视情况扣分。 | K22: 2 | L22: 1 | M22: 1.雷州市农业农村局执行《广东省涉农资金统筹整合管理办法》，《湛江市农业农村局财政涉农专项资金项目管理办法（试行）》，《雷州市上级财政专项资金管理办法（试行）》，单位建立有效管理机制，且执行情况良好。 2.业务主管部门未按照规定对项目建设或方案实施开展有效的检查、监控、督促整改，扣1分。
E23: 绩效管理 | F23: 2 | G23: 绩效自评规范性 | H23: 2 | I23: 反映项目绩效自评工作开展情况。 | J23: 1.自评材料报送时间0.5分。在规定时间内报送得0.5分，超出报送时间不得分； 2.自评材料质量1分。报送质量根据报送内容、盖章、装订情况评分； 3.公开情况0.5分。在规定时间内公开得1分，未公开或超出规定时间公开不得分。公开内容与报送内容有不符，发现一处扣0.2分，扣完0.5分为止。 | K23: 2 | L23: 1.3 | M23: 1.根据雷州市财政局《关于开展2023年雷州市财政资金绩效自评工作的通知》（雷财绩〔2023〕2号）的通知文件关于自评工作时间和材料报送要求，各预算单位须于2023年4月28日前完成自评工作。雷州市农业农村局项目绩效自评报告时间为2023年3月31日，报送时间符合规定。 2.自评材料不装订成册，扣0.2分。 3.根据雷州市财政局《关于开展2023年雷州市财政资金绩效自评工作的通知》（雷财绩〔2023〕2号）的通知文件关于自评工作时间和材料报送要求，各单位须于2023年4月30日前完成自评报告的公开。雷州市农业农村局未公开绩效自评材料，扣0.5分。
A24: 产出 | B24: 30 | C24: 经济性 | D24: 8 | E24: 预算控制 | F24: 5 | G24: 预算控制 | H24: 5 | I24: 反映预算执行进度与项目完成进度基本匹配的前提下，实际支出是否超过预算计划。 | J24: 在预算执行进度与事项完成进度基本匹配的前提下，实际支出未超过预算计划的，得满分；实际支出超过预算的，或者支出未能保障事项相应完成进度的，酌情扣分。 | K24: 5 | L24: 5 | M24: 预算执行进度与事项完成进度匹配，实际支出未超预算计划。
E25: 成本控制 | F25: 3 | G25: 成本节约（成本指标） | H25: 3 | I25: 在项目按照预算完成的前提下，与同类项目或市场价格比较，项目实施的成本控制。 | J25: 在项目按照预算完成的前提下，与同类项目或市场价格比较，项目实施的成本（包括工程造价、物品采购单价、人员经费等）属于合理范围的（如与同类项目或市场价格大致相符的）得满分；成本不合理的（如明显高于或低于同类项目或市场价格的）酌情扣分。 | K25: 3 | L25: 3 | M25: 根据雷州市人民政府常务会议纪要，该项目投资金额为950万元，其中实施后期管护地力培肥措施892.09万元，2022年10月17日已全部完工验收，应支付项目款892.08万元，项目实施成本属于合理范围。
C26: 效率性 | D26: 22 | E26: 完成进度 | F26: 22 | G26: （数量指标—个性指标） | H26: 22 | I26: 反映项目实际实施（完成）的有关数量指标。 | J26: 根据评价对象设置具体指标名称和分数权重，数量指标、时效指标及质量指标之间各分值应相对均衡（一般平均分数7分），同时具体各明细指标分数的设置应合理增加核心指标分数权重。其中项目出现安全事故的质量指标得0分。 | K26: 8 | L26: 22 | M26: 2022年完成实施地力培肥面积16724.02亩，任务完成率100%。2022年10月17日全部已经验收，验收意见：质量、数量与签订合同要求相符。
G27: （时效指标—个性指标） | I27: 反映项目按计划时间实施情况。 | K27: 7
E28: 完成质量 | G28: （质量指标—个性指标） | I28: 反映项目实施（完成）的质量等情况。 | K28: 7
A29: 效益 | B29: 30 | C29: 效果性 | D29: 25 | E29: 经济效益 | F29: 20 | G29: （个性指标） | H29: 20 | I29: 根据项目性质，评价对象设置目标时选择的效益指标进行评分。可以为多项效益指标，也可以为单项效益指标。 | J29: 根据评价对象选择效果性指标，相应设置指标名称和分数权重，并合理增加核心指标分数权重。按照设定的个性化效益指标实际值与目标值比较评分。 | K29: 15 | L29: 13 | M29: 经济效益指标，促进新增耕地土壤肥力提升，增加粮食生产面积16724.02亩完成。社会效益设定为“比实施前提升”指标无法衡量比较。
E30: 社会效益 | G30: （个性指标）
E31: 生态效益 | G31: （个性指标）
E32: 可持续发展 | F32: 5 | G32: （个性指标） | H32: 5 | I32: 反映项目完成后，后续政策、资金、人员机构安排和管理措施等影响项目持续发展的因素，以及项目实施对人、环境、资源是否带来可持续发展。 | J32: 根据评价对象设置指标名称和分数权重。若未设置相关指标，也参考： 1.项目实施的各项软硬件设施管理维护完好得3分； 2.项目实施有利于经济社会生态的可持续发展，项目有后续的管理措施或机构人员得2分。 3.若材料中未进行可持续发展分析，基本分为5分，再从项目本身考虑项目的可持续能力，从基本分扣除。 | K32: 3 | L32: 3 | M32: 减少新增耕地的垦后抛荒，提高耕地的基础地力和土地利用率，增强农业综合生产能力，促进新增耕地土壤肥力的提升，建设稳产高产农田。
C33: 公平性 | D33: 5 | E33: 满意度 | F33: 5 | G33: （社会公众或服务对象满意度——个性指标） | H33: 5 | I33: 反映社会公众或服务对象对项目实施效果的满意程。满意度：表示满意的服务对象数/项目覆盖范围内接受调查的对象总数 | J33: 根据评价对象设置指标名称和分数权重，一般采取社会调查的方式。一般按照“满意度*指标分值”计算得分。项目实施造成社会不公而引起纠纷、诉讼、信访、上访甚至违法犯罪的，酌情扣分，情节严重的该指标得0分。 | K33: 5 | L33: 4.5 | M33: 无满意度资料，按满意度90%计算得分。
A34: 说明：得分四舍五入保留两位小数

Sheet 汇总
A1: 一级指标 | C1: 二级指标 | E1: 三级指标 | G1: 四级指标 | I1: 四级指标 | J1: 三级指标 | K1: 二级指标 | L1: 一级指标
A2: 名称 | B2: 分值 | C2: 名称 | D2: 分值 | E2: 名称 | F2: 分值 | G2: 名称 | H2: 分值
A3: 合计 | B3: 100 | D3: 100 | F3: 100 | H3: 100 | I3: =SUM(I4:I27) -> 85.3 | J3: =SUM(J4:J27) -> 85.3 | K3: =SUM(K4:K27) -> 85.3 | L3: =SUM(L4:L27) -> 85.3 | P3: 一级指标 | Q3: 指标分值 | R3: 评价得分 | S3: 得分率
A4: 决策 | B4: 18 | C4: 项目立项 | D4: 4 | E4: 论证决策 | F4: 4 | G4: 论证充分性 | H4: 4 | I4: =评分表!L10 -> 3 | J4: =SUM(I4) -> 3 | K4: =J4 -> 3 | L4: =SUM(K4:K10) -> 14.5 | P4: 决策 | Q4: 18 | R4: =L4 -> 14.5 | S4: =R4/Q4 -> 0.80555556
C5: 目标设置 | D5: 8 | E5: 目标完整性 | F5: 4 | G5: 目标申报 | H5: 2 | I5: =评分表!L11 -> 2 | J5: =SUM(I5:I6) -> 3.5 | K5: =SUM(J5:J8) -> 6.5 | P5: 过程 | Q5: 22 | R5: =L11 -> 20.3 | S5: =R5/Q5 -> 0.92272727
G6: 完整性 | H6: 2 | I6: =评分表!L12 -> 1.5
E7: 目标科学性 | F7: 4 | G7: 合理性 | H7: 2 | I7: =评分表!L13 -> 1.5 | J7: =SUM(I7:I8) -> 3
G8: 可衡量性 | H8: 2 | I8: =评分表!L14 -> 1.5 | P8: 产出 | Q8: 30 | R8: =L18 -> 30 | S8: =R8/Q8 -> 1
C9: 资金投入 | D9: 6 | E9: 预算编制 | F9: 4 | G9: 预算编制 科学性 | H9: 4 | I9: =评分表!L15 -> 3 | J9: =SUM(I9) -> 3 | K9: =SUM(J9:J10) -> 5 | P9: 效益 | Q9: 30 | R9: =L23 -> 20.5 | S9: =R9/Q9 -> 0.68333333
E10: 资金分配 | F10: 2 | G10: 资金分配 合理性 | H10: 2 | I10: =评分表!L16 -> 2 | J10: =SUM(I10) -> 2 | P10: 评价 总得分 | Q10: 100 | R10: =SUM(R4:R9) -> 85.3 | S10: =R10/Q10 -> 0.853
A11: 过程 | B11: 22 | C11: 资金管理 | D11: 14 | E11: 资金到位 | F11: 5 | G11: 资金到位率 | H11: 3 | I11: =评分表!L17 -> 3 | J11: =SUM(I11:I12) -> 5 | K11: =SUM(J11:J14) -> 14 | L11: =SUM(K11:K17) -> 20.3
G12: 资金到位及时性 | H12: 2 | I12: =评分表!L18 -> 2
E13: 资金支付 | F13: 5 | G13: 预算执行率（截止2022年12月31日） | H13: 5 | I13: =评分表!L19 -> 5 | J13: =SUM(I13) -> 5
E14: 资金使用规范性 | F14: 4 | G14: 支出规范性 | H14: 4 | I14: =评分表!L20 -> 4 | J14: =I14 -> 4
C15: 组织实施 | D15: 8 | E15: 实施程序 | F15: 4 | G15: 程序规范性 | H15: 4 | I15: =评分表!L21 -> 4 | J15: =I15 -> 4 | K15: =SUM(J15:J17) -> 6.3
E16: 管理情况 | F16: 2 | G16: 监管有效性 | H16: 2 | I16: =评分表!L22 -> 1 | J16: =I16 -> 1
E17: 绩效管理 | F17: 2 | G17: 绩效自评规范性 | H17: 2 | I17: =评分表!L23 -> 1.3 | J17: =I17 -> 1.3
A18: 产出 | B18: 30 | C18: 经济性 | D18: 8 | E18: 预算控制 | F18: 5 | G18: 预算控制 | H18: 5 | I18: =评分表!L24 -> 5 | J18: =I18 -> 5 | K18: =SUM(J18:J19) -> 8 | L18: =SUM(K18:K22) -> 30
E19: 成本控制 | F19: 3 | G19: 成本节约（成本指标） | H19: 3 | I19: =评分表!L25 -> 3 | J19: =I19 -> 3
C20: 效率性 | D20: 22 | E20: 完成进度 | F20: 22 | G20: （数量指标—个性指标） | H20: 22 | I20: =评分表!L26 -> 22 | J20: =SUM(I20:I22) -> 22 | K20: =SUM(J20) -> 22
G21: （时效指标—个性指标） | I21: =评分表!L27 -> 0
E22: 完成质量 | G22: （质量指标—个性指标） | I22: =评分表!L28 -> 0
A23: 效益 | B23: 30 | C23: 效果性 | D23: 25 | E23: 经济效益 | F23: 20 | G23: （个性指标） | H23: 20 | I23: =评分表!L29 -> 13 | J23: =SUM(I23:I25) -> 13 | K23: =SUM(J23:J26) -> 16 | L23: =SUM(K23:K27) -> 20.5
E24: 社会效益 | G24: （个性指标） | I24: =评分表!L30 -> 0
E25: 生态效益 | G25: （个性指标） | I25: =评分表!L31 -> 0
E26: 可持续发展 | F26: 5 | G26: （个性指标） | H26: 5 | I26: =评分表!L32 -> 3 | J26: =I26 -> 3
C27: 公平性 | D27: 5 | E27: 满意度 | F27: 5 | G27: （社会公众或服务对象满意度——个性指标） | H27: 5 | I27: =评分表!L33 -> 4.5 | J27: =I27 -> 4.5 | K27: =J27 -> 4.5

Sheet 表1-1
A1: 一级指标 | B1: 二级指标 | C1: 三级指标 | D1: 本年度指标值
A2: 产出指标 | B2: 数量指标 | C2: 实施地力培肥面积（亩） | D2: 16724.02
B3: 质量指标 | C3: 任务完成率 | D3: ≥80%
B4: 时效指标 | C4: 项目实施时间 | D4: 2022年
B5: 成本指标 | C5: 实施后期管护地力培肥措施（万元） | D5: 950万元
A6: 效益指标 | B6: 经济效益 | C6: 增加粮食生产面积（亩） | D6: 16724.02
B7: 社会效益 | C7: 促进新增耕地土壤肥力的提升 | D7: 比实施前提升
B8: 生态效益 | C8: 建设稳产高产农田（是否明显） | D8: 效果明显
B9: 可持续影响 | C9: 实施地力培肥可持续程度（是否明显） | D9: 是
A10: 满意度指标 | B10: 服务对象满意度指标 | C10: 服务对象满意度 | D10: ≥90%

Sheet 表2-1
A1: 序号 | B1: 工程或费用名称 | C1: 项目概算 | D1: 合同金额 | E1: 累计已支付 | F1: 未支付
A2: 1 | B2: 灌溉供水费用 | C2: 36万元 | G2: 合同金额 | H2: 2022年已支付 | I2: 2023年支付
A3: 2 | B3: 生物有机肥 | C3: 391.40万元 | D3: 391.25万元 | E3: 554.68万元 | F3: 337.41 | G3: 3912472.9 | H3: 2676269.1 | I3: =G8-H8 -> 3374051.1
A4: 3 | B4: 土壤调理剂发放 | C4: 133.80万元 | D4: 133.75万元 | G4: 1337501.9 | H4: 2870576.9
A5: 4 | B5: 农机社会化服务 | C5: 267.60万元 | D5: 266.75万元 | G5: 2667481.2
A6: 5 | B6: 秸秆还田腐熟剂 | C6: 58.50万元 | D6: 58.53万元 | G6: 585340.7
A7: 6 | B7: 无人机社会化服务 | C7: 41.80万元 | D7: 41.81万元 | G7: 418100.5
A8: 7 | B8: 制作标示牌和印发资料 | C8: 7.6万元 | G8: =SUM(G3:G7) -> 8920897.2 | H8: =H3+H4 -> 5546846 | I8: 3373954.8
A9: 8 | B9: 宣传培训费 | C9: 3万元 | J9: 第一批验收情况总额 | K9: 第二批请款总额 | L9: 总情况金额 | M9: 差额
A10: 9 | B10: 其他费用 | C10: 10.30万元 | J10: 4100824.1 | K10: 4819935.4 | L10: =J10+K10 -> 8920759.5 | M10: =G8-L10 -> 137.67
A11: 合计 | C11: 950万元 | E11: 554.68万元

Sheet 表3
B1: 品名 | C1: 单位 | D1: 合同签订采购数量 | E1: 单价 | F1: 合同签订金额 | G1: 第一批验收 完成数量 | H1: 第一批验收 完成金额 | I1: 第二批验收完成数量 | J1: 第二批验收 完成金额 | K1: 2022年实际完成数 | L1: 2022年实际 完成数量
B2: 有机肥 | C2: 吨 | D2: 2174.2 | E2: 1799.5 | F2: 3912472.9 | G2: 999.4322 | H2: 1798478.2 | I2: 1174.69 | J2: =E2*I2 -> 2113854.7 | K2: 3912376.6 | L2: =G2+I2 -> 2174.1222 | M2: 实际数比计划书少0.08吨
B3: 土壤调理剂 | C3: 吨 | D3: 836.2 | E3: 1599.5 | F3: 1337501.9 | G3: 384.397 | H3: 614843 | I3: 451.8 | J3: =E3*I3 -> 722654.1 | K3: 1337501.9 | L3: =G3+I3 -> 836.197
B4: 统配统施农机社会化服务 | C4: 亩 | D4: 16724.02 | E4: 159.5 | F4: 2667481.2 | G4: 7687.94 | H4: 269077.9 | I4: 9036.08 | J4: =E4*I4 -> 1441254.8 | K4: 2667481.2 | L4: =G4+I4 -> 16724.02
B5: 秸秆还田腐熟剂 | C5: 公斤 | D5: 16725.02 | E5: 35 | F5: 585340.7 | G5: 7687.94 | H5: 1226226.4 | I5: 9036.08 | J5: =E5*I5 -> 316262.8 | K5: 585340.7 | L5: =G5+I5 -> 16724.02
B6: 无人机社会化服务 | C6: 亩 | D6: 16726.02 | E6: 25 | F6: 418100.5 | G6: 7687.94 | H6: 192198.5 | I6: 9036.08 | J6: =E6*I6 -> 225902 | K6: 418100.5 | L6: =G6+I6 -> 16724.02
B7: 合计 | F7: =SUM(F2:F6) -> 8920897.2 | H7: =SUM(H2:H6) -> 4100824.1 | J7: =SUM(J2:J6) -> 4819928.3 | K7: =SUM(K2:K6) -> 8920800.8 | M7: 8920800.8
F8: 8920897.2
H9: 第一批验收情况总额 | J9: 第二批请款总额
H10: 4100824.1 | J10: 4819935.4
H12: 2022年已支付 | I12: 2023年支付 | J12: 累计已支付
G13: 预付款30% | H13: 2676269.1 | I13: 3373954.8 | K13: 第二批验收尾款
G14: 第一批验收尾款 | H14: 2870576.9
G15: 合计 | H15: =H13+H14 -> 5546846 | I15: 3373954.8 | J15: =SUM(H15:I15) -> 8920800.8
